 Dungeon Crawl Stone Soup version 0.26-a0-228-g29f007ebfe (webtiles) character file.

Game seed: 384004734254672963

546575 Flugkiller the Necromancer (level 23, -1/140 HPs)
             Began as a Grey Draconian Earth Elementalist on July 6, 2020.
             Was a High Priest of Cheibriados.
             Slain by an emperor scorpion (11 damage)
             ... summoned by a greater mummy
             ... on level 3 of the Tomb of the Ancients on July 7, 2020.
             The game lasted 05:24:24 (19498 turns).

Flugkiller the Necromancer (DrEE)                  Turns: 19498, Time: 05:24:25

Health: -1/140     AC: 28    Str: 30      XL:     23   Next: 85%
Magic:  2/38       EV: 25    Int: 38 (39) God:    Cheibriados [*****.]
Gold:   1238       SH: 19    Dex: 26      Spells: 3/52 levels left

rFire    + . .     SeeInvis .     - Unarmed
rCold    + + .     Faith    .   Q - +4 kite shield "Cunnom" {Str+2}
rNeg     + + +     Spirit   .   (armour unavailable)
rPois    ∞         Reflect  .   (helmet restricted)
rElec    .         Harm     .   J - scarf {repulsion}
rCorr    .         Clarity  +   C - +2 pair of gloves
MR       ++...                  f - +2 pair of boots of Death's Door {rF+}
Stlth    +++.......             x - amulet of magic regeneration
HPRegen  0.33/turn              H - +4 ring of slaying
MPRegen  0.51/turn              K - ring of wizardry

@: lich-form, repel missiles, very slow
A: (walk through water), unfitting armour, big wings, clarity, clever 1, cold
resistance 1, low mp 1, strong 2, unbreathing, cold-blooded, MP-powered wands,
AC +16
}: 5/15 runes: serpentine, barnacled, slimy, silver, golden
a: Fly, End Transformation, Bend Time, Temporal Distortion, Slouch, Step From
Time, Renounce Religion


You were on level 3 of the Tomb of the Ancients.
You worshipped Cheibriados.
Cheibriados was extremely pleased with you.
You were not hungry.
You were a lich.
You visited 10 branches of the dungeon, and saw 48 of its levels.
You visited the Abyss 1 time.
You visited 1 bazaar.
You also visited: Bailey, Ice Cave and Wizlab.

You collected 4165 gold pieces.
You spent 2927 gold pieces at shops.

Inventory:

Missiles
 l - 72 boomerangs
 F - 49 silver javelins (quivered)
 L - 6 throwing nets
Armour
 f - the +2 pair of boots of Death's Door (worn) {rF+}
   (You found it on level 4 of the Shoals)

   It protects you from fire.
 C - a +2 pair of gloves (worn)
   (You bought it in a shop on level 10 of the Dungeon)
 J - a scarf of repulsion (worn)
   (You found it on level 3 of the Elven Halls)
 Q - the +4 kite shield "Cunnom" (worn) {Str+2}
   (You found it on level 2 of the Vaults)

   It affects your strength (+2).
Magical Staves
 b - an uncursed staff of earth
   (You acquired it on level 3 of the Elven Halls)
 j - an uncursed staff of death
   (You found it on level 3 of the Dungeon)
Jewellery
 o - an uncursed ring of protection from fire
   (You found it on level 5 of the Vaults)
 u - the ring of Shadows {Umbra +Inv Stlth+}
   (You took it off a deep elf master archer on level 3 of the Elven Halls)

   [ring of stealth]

   It lets you turn invisible.
   It makes you more stealthy.
 x - an amulet of magic regeneration (around neck)
   (You found it on level 5 of the Vaults)
 y - an uncursed ring of positive energy
   (You found it on level 9 of the Dungeon)
 D - an uncursed amulet of regeneration
   (You bought it in a shop on level 2 of the Shoals)
 H - a +4 ring of slaying (left hand)
   (You found it on level 3 of the Vaults)
 I - the ring "Pucsip" {MR+ Stlth+}
   (You took it off a deep elf elementalist on level 3 of the Elven Halls)

   [ring of protection from magic]

   It affects your resistance to hostile enchantments.
   It makes you more stealthy.
 K - a ring of wizardry (right hand)
   (You took it off a kobold demonologist on level 11 of the Dungeon)
 M - a +4 ring of protection
   (You took it off a deep elf sorcerer on level 3 of the Elven Halls)
 T - an uncursed ring of protection from fire
   (You found it on level 5 of the Pits of Slime)
 Z - the ring "Simad" {MR+ Int+6 Slay-2 SInv}
   (You found it on level 3 of the Elven Halls)

   [ring of intelligence]

   It affects your intelligence (+6).
   It affects your accuracy and damage with ranged weapons and melee attacks
   (-2).
   It affects your resistance to hostile enchantments.
   It lets you see invisible.
Wands
 i - a wand of clouds (9)
   (You found it on level 5 of the Dungeon)
 q - a wand of acid (5)
   (You found it on level 5 of the Dungeon)
 t - a wand of digging (8)
   (You found it on level 2 of the Elven Halls)
 A - a wand of paralysis (34)
   (You found it in a bailey)
 E - a wand of enslavement (31)
   (You found it on level 8 of the Dungeon)
 G - a wand of iceblast (29)
   (You found it on level 5 of the Pits of Slime)
Scrolls
 d - 7 scrolls of identify
 e - 2 scrolls of immolation
 p - 14 scrolls of remove curse
 r - 4 scrolls of magic mapping
 B - 2 scrolls of enchant armour
 N - 3 scrolls of fear
 S - 3 scrolls of vulnerability
Potions
 g - 7 potions of curing
 k - 3 potions of resistance
 m - 4 potions of stabbing
 W - 4 potions of mutation
 X - a potion of might
Miscellaneous
 w - a tin of tremorstones (3/3)
   (You bought it in a shop on level 2 of the Orcish Mines)
 U - 4 phantom mirrors
Comestibles
 c - 48 rations


   Skills:
 - Level 15.4 Fighting
   Level 4.5 Axes
 - Level 13.2 Dodging
 - Level 1.7 Stealth
 - Level 12.3 Shields
 + Level 16.6 Unarmed Combat
 + Level 15.3 Spellcasting
 - Level 20.0 Necromancy
 - Level 6.0 Translocations
 - Level 9.0 Transmutations
 - Level 16.0 Earth Magic
 - Level 11.0 Invocations
 - Level 6.0 Evocations


You had 3 spell levels left.
You knew the following spells:

 Your Spells              Type           Power        Failure   Level
a - Borgnjor's Revivific  Necr           ########..   1%          8
b - Stone Arrow           Conj/Erth      ######       1%          3
d - Summon Forest         Summ/Tloc      ######....   5%          5
e - Statue Form           Tmut/Erth      #######..    1%          6
f - Infestation           Necr           ########..   1%          8
g - Borgnjor's Vile Clut  Necr/Erth      ########..   1%          5
h - Necromutation         Tmut/Necr      ########..   12%         8
i - Lesser Beckoning      Tloc           ######....   1%          3
q - Apportation           Tloc           ######       1%          1
w - Passwall              Tmut/Erth      #######.     0%          2

Your spell library contained the following spells:

 Spells                   Type           Power        Failure   Level
 Sandblast                Erth           ######       0%          1
 Sublimation of Blood     Necr           ########..   0%          2
 Foxfire                  Conj/Fire      ####         1%          1
 Shock                    Conj/Air       ####         1%          1
 Sting                    Tmut/Pois      ####         1%          1
 Summon Butterflies       Summ           ####....     1%          1
 Summon Small Mammal      Summ           ####         1%          1
 Blink                    Tloc           N/A          1%          2
 Call Imp                 Summ           ####....     1%          2
 Corpse Rot               Necr/Air       N/A          1%          2
 Ensorcelled Hibernation  Hex/Ice        ####..       1%          2
 Poisonous Vapours        Pois/Air       ####..       1%          2
 Shroud of Golubria       Chrm/Tloc      ######       1%          2
 Song of Slaying          Chrm           ####....     1%          2
 Swiftness                Chrm/Air       ####....     1%          2
 Call Canine Familiar     Summ           ####....     1%          3
 Conjure Flame            Conj/Fire      ####....     1%          3
 Gell's Gravitas          Tloc           ######....   1%          3
 Ignite Poison            Fire/Tmut/Pois ######..     1%          3
 Inner Flame              Hex/Fire       ####....     1%          3
 Mephitic Cloud           Conj/Pois/Air  ####....     1%          3
 Portal Projectile        Hex/Tloc       ######       1%          3
 Static Discharge         Conj/Air       ####....     1%          3
 Summon Guardian Golem    Hex/Summ       ####....     1%          3
 Tukima's Dance           Hex            ####....     1%          3
 Dispel Undead            Necr           ########     0%          4
 Agony                    Necr           ########     0%          5
 Ice Form                 Ice/Tmut       ######..     1%          4
 Petrify                  Tmut/Erth      #######.     1%          4
 Excruciating Wounds      Chrm/Necr      ########..   1%          5
 Lee's Rapid Deconstruct  Erth           ########..   1%          5
 Simulacrum               Ice/Necr       ########..   1%          6
 Alistair's Intoxication  Tmut/Pois      ######..     2%          5
 Hydra Form               Tmut           #######...   2%          6
 Airstrike                Air            ####......   6%          4
 Olgreb's Toxic Radiance  Pois           ####....     6%          4
 Sticky Flame             Conj/Fire      ####....     6%          4
 Summon Ice Beast         Ice/Summ       ####....     6%          4
 Summon Lightning Spire   Summ/Air       ####....     6%          4
 Dispersal                Tloc           ######....   9%          6
 Haunt                    Necr/Summ      ########..   9%          7
 Eringya's Noxious Bog    Tmut/Pois      ######....   16%         6
 Fireball                 Conj/Fire      ####......   17%         5
 Lightning Bolt           Conj/Air       ####......   17%         5
 Metabolic Englaciation   Hex/Ice        ####......   17%         5
 Silence                  Hex/Air        ####......   17%         5
 Death's Door             Chrm/Necr      ########..   54%         8
 Darkness                 Hex            ####......   65%         6
 Freezing Cloud           Conj/Ice/Air   ####......   65%         6
 Invisibility             Hex            ####....     65%         6
 Ozocubu's Refrigeration  Ice            ####......   65%         6
 Shadow Creatures         Summ           N/A          65%         6
 Starburst                Conj/Fire      ####......   65%         6
 Shatter                  Erth           ########..   65%         9
 Controlled Blink         Tloc           N/A          97%         8
 Disjunction              Tloc           ######....   97%         8
 Ring of Flames           Chrm/Fire      ####......   99%         7
 Summon Hydra             Summ           ####......   99%         7
 Ignition                 Fire           ####......   100%        8


Dungeon Overview and Level Annotations

Branches:
Dungeon (13/15)              Lair (6/6) D:8          Shoals (4/4) Lair:2
  Snake (4/4) Lair:4        Slime (5/5) Lair:6          Orc (2/2) D:10
    Elf (3/3) Orc:2        Vaults (5/5) D:13          Crypt (3/3) Vaults:2
   Tomb (3/3) Crypt:3      Bailey (visited)           IceCv (visited)
 WizLab (visited)
 Temple: D:4-7

Altars:
Ashenzari
Cheibriados
Elyvilon
Gozag
Kikubaaqudgha
Okawaru
Sif Muna
Vehumet
Yredelemnul
The Shining One
Beogh
Jiyva

Shops:
D:10 ([   D:11 ?   Orc:2 ![!}   Shoals:2 =   Shoals:4 !   Vaults:3 *
Vaults:5 !

Annotations:
Lair:2 shoals
Elf:2 2 runed translucent doors


Innate Abilities, Weirdness & Mutations

((You can walk through water.))
Your dull iron-grey scales are very hard. (AC +16)
You cannot fit into any form of body armour.
You can survive without breathing.
You are cold-blooded and may be slowed by cold attacks.
Your large and strong wings let you fly indefinitely.
You possess an exceptional clarity of mind.
Your mind is acute. (Int +2)
Your flesh is cold resistant. (rC+)
Your magical capacity is low. (-10% MP)
Your muscles are very strong. (Str +4)
You expend magic power (3 MP) to strengthen your wands.


Message History

The zombie hands constrict the greater mummy!
The greater mummy hits you with a +0 falchion of electrocution!!
* * * LOW HITPOINT WARNING * * *
You block the emperor scorpion's attack. x2
The emperor scorpion closely misses you.
You block the emperor scorpion's attack.
The emperor scorpion claws you but does no damage.
The emperor scorpion barely misses you. The emperor scorpion stings you!
* * * LOW HITPOINT WARNING * * *
The emperor scorpion claws you but does no damage.
You block the emperor scorpion's attack.
The emperor scorpion closely misses you.
The emperor scorpion completely misses you.
The emperor scorpion claws you but does no damage.
You block the emperor scorpion's attack.
The emperor scorpion closely misses you.
You block the emperor scorpion's attack.
You punch the greater mummy!
The greater mummy is heavily damaged.
The zombie hands constrict the greater mummy!
The greater mummy points at you and mumbles some strange words.
Something smites you!
* * * LOW HITPOINT WARNING * * *
You block the emperor scorpion's attack. x2
The emperor scorpion claws you but does no damage.
The emperor scorpion barely misses you. x2
You block the emperor scorpion's attack.
The emperor scorpion completely misses you.
You block the emperor scorpion's attack.
The emperor scorpion barely misses you.
The emperor scorpion completely misses you.
The emperor scorpion claws you but does no damage.
The emperor scorpion barely misses you. The emperor scorpion stings you.
* * * LOW HITPOINT WARNING * * *
The emperor scorpion claws you but does no damage.
The emperor scorpion claws you!
* * * LOW HITPOINT WARNING * * *
The zombie hands constrict the greater mummy!
The greater mummy struggles to escape constriction.
You block the emperor scorpion's attack. x2
The emperor scorpion closely misses you.
You block the emperor scorpion's attack.
The emperor scorpion claws you but does no damage.
The emperor scorpion claws you.
* * * LOW HITPOINT WARNING * * *
The greater mummy struggles to escape constriction.
You block the emperor scorpion's attack. x2
The emperor scorpion completely misses you.
The emperor scorpion stings you!
You die...

......§......##.....(.##
............##........$#
#.....^....##<........$##
*#........##..........$$#
,*#......##^....)...../$#
,*#......##...........$$#
.,#......#....%.Ms....$$#
.^#......#....sss!....$$#
..'......'....ssL.....$##
..#......#^....[......##
..#......#...........##
.*#^.....##.........##
,*#....)(##......[.##
**#.....(###......## *
#.....(# ##.$$$##
######## ######


You could see a greater mummy (clutched) and 6 emperor scorpions.

Vanquished Creatures
  Dissolution (Slime:3)
  the Royal Jelly (Slime:5)
  Khufu (Tomb:3)
  An ancient lich (Tomb:3)
  Mennas (Vaults:3)
  9 greater mummies
  Vashnia (Snake:4)
  4 liches
  3 tentacled monstrosities
  Rupert (Vaults:4)
  Jorgrun (D:12)
  Asterion (Vaults:4)
  3 deep elf master archers (Elf:3)
  The ghost of grindst0ne the Markscentaur, an adept CeHu of Okawaru (Shoals:4)
  2 quicksilver dragons (Vaults:5)
  A titan (Vaults:5)
  3 deep elf blademasters (Elf:3)
  21 acid blobs
  Polyphemus (Shoals:3)
  A kraken (Shoals:4)
  6 ancient champions
  A sphinx (Tomb:1)
  2 tentacled starspawn (Abyss:2)
  An Executioner (Abyss:2)
  Roxanne (Elf:1)
  A shadow dragon (Vaults:5)
  Donald (Shoals:1)
  A revenant (Tomb:1)
  9 nagarajas
  Agnes (Snake:4)
  Ilsuiw (Shoals:4)
  4 fire giants
  4 tengu reavers
  A storm dragon (Vaults:5)
  12 azure jellies
  5 frost giants
  A juggernaut zombie (Crypt:3)
  6 deep elf sorcerers
  3 ghouls (Crypt:3)
  7 vault wardens
  A curse skull (Crypt:1)
  6 ironheart preservers
  6 stone giants
  4 war gargoyles (Vaults:5)
  5 deep elf elementalists
  2 spriggan defenders (Vaults:4)
  3 vampire knights
  A very ugly thing (Vaults:3)
  11 bennus
  A deep elf demonologist (Elf:1)
  5 merfolk javelineers (Shoals:4)
  7 deep elf annihilators
  9 deep elf death magi
  13 mummy priests
  Snorg (Lair:5)
  13 death oozes (Slime:5)
  A quicksilver dragon zombie (Tomb:3)
  Josephine (Lair:5)
  5 merfolk impalers
  3 deep elf high priests
  Erolcha (Orc:2)
  3 fire dragons
  2 jiangshi (Crypt:2)
  11 naga warriors
  6 yaktaur captains
  3 hydras
  5 great orbs of eyes
  2 rakshasas (Vaults:3)
  2 ice dragons
  16 vault guards (Vaults:5)
  A catoblepas (Shoals:3)
  2 centaur warriors
  6 ogre magi
  2 merfolk avatars (Shoals:4)
  A satyr (Shoals:4)
  3 anacondas
  4 merfolk aquamancers
  10 dancing weapons
  14 two-headed ogres
  2 death yaks (Shoals:3)
  4 vampire magi
  Urug (Orc:2)
  A titan zombie (Tomb:3)
  13 naga sharpshooters
  2 orc high priests
  A thrashing horror (Abyss:2)
  19 death scarabs
  14 deep elf knights
  2 shock serpents
  A fire crab (shapeshifter) (Elf:2)
  A wretched star (Abyss:2)
  3 shadow wraiths
  A sixfirhy (Abyss:2)
  A fire crab (Lair:6)
  An unseen horror (D:11)
  4 deep trolls
  2 salamander mystics
  5 large abominations
  16 sea snakes
  18 skeletal warriors
  4 wizards (Vaults:3)
  4 naga ritualists (Snake:4)
  2 glowing orange brains
  7 deep elf archers
  7 orc knights
  5 phantasmal warriors
  11 harpies
  6 ironbrand convokers
  3 mana vipers
  A wolf spider (Vaults:3)
  A fire giant zombie (Vaults:4)
  Pikel (D:5)
  3 necromancers
  A stone giant zombie (Tomb:1)
  47 deep elf magi
  2 cyclopes (Vaults:1)
  13 ugly things (Vaults:3)
  5 shining eyes
  11 orc sorcerers
  12 salamanders
  17 black mambas
  4 water nymphs
  A guardian serpent (shapeshifter) (Elf:3)
  A fire giant skeleton (Tomb:1)
  5 elephants
  10 manticores
  14 naga magi
  6 merfolk sirens
  7 guardian serpents
  An eye of devastation (Slime:1)
  8 vault sentinels
  A gargoyle (D:10)
  5 cane toads
  2 molten gargoyles (Lair:6)
  8 komodo dragons
  A centaur skeleton (D:12)
  A hellion (Tomb:3)
  10 yaktaurs
  6 rime drakes
  A kobold demonologist (D:11)
  3 freezing wraiths
  2 ancient zymes (Abyss:2)
  A queen bee (Lair:3)
  2 polar bears
  25 guardian mummies
  3 trolls
  3 hornets
  6 wind drakes
  24 merfolk
  Grinder (D:5)
  A wolf spider simulacrum (IceCv)
  56 slime creatures
  A sphinx simulacrum (Vaults:2)
  9 blink frogs
  5 raiju (Abyss:2)
  13 dream sheep (Lair:5)
  7 snapping turtles
  10 hippogriffs
  A bog body (Crypt:3)
  13 flying skulls
  5 air elementals
  A shadow (D:13)
  A dire elephant simulacrum (Tomb:3)
  13 water elementals
  16 wyverns
  24 yaks
  7 basilisks
  9 wraiths
  2 small abominations (Abyss:2)
  12 golden eyes
  7 ushabtiu (Tomb:2)
  A steam dragon (D:9)
  2 neqoxecs (Abyss:2)
  A death yak simulacrum (IceCv)
  Menkaure (D:5)
  6 wargs
  42 nagas
  16 water moccasins
  3 hell hounds (Lair:6)
  2 porcupines (Lair:4)
  A faun zombie (Crypt:1)
  14 ice beasts
  3 eyes of draining
  A black bear (D:11)
  30 orc warriors
  A sky beast (Abyss:2)
  2 elf zombies (Vaults:4)
  A phantom (D:4)
  An ogre (shapeshifter) (Vaults:3)
  A boggart (D:13)
  20 ogres
  8 wolves
  5 centaurs
  9 crocodiles
  A lemure (D:5)
  4 big kobolds
  4 bullfrogs
  2 earth elementals
  2 scorpions
  A yak zombie (Crypt:3)
  A swamp dragon simulacrum (IceCv)
  35 killer bees
  A human simulacrum (Vaults:3)
  10 wights
  2 howler monkeys (D:8)
  8 starcursed masses (Abyss:2)
  A centaur zombie (D:5)
  2 bullfrog zombies
  A lava snake (Lair:6)
  A quasit (Abyss:2)
  4 jellies
  5 hounds
  44 orc wizards
  A bullfrog skeleton (D:4)
  10 orc priests
  2 iguanas
  10 worker ants
  4 hell rats (Lair:3)
  A wolf simulacrum (IceCv)
  A felid zombie (Crypt:1)
  2 hound zombies (D:11)
  A hound skeleton (D:4)
  29 mummies
  4 gnolls
  9 adders
  6 white imps
  3 ufetubi
  6 oozes
  An adder skeleton (D:4)
  3 worms
  2 dart slugs
  4 leopard geckos
  83 orcs
  A giant cockroach (D:2)
  3 hobgoblins
  4 quokkas
  2 bats
  3 frilled lizards (D:1)
  A gnoll skeleton (Crypt:1)
  9 goblins
  A jackal skeleton (D:4)
  19 kobolds
  A leopard gecko zombie (D:5)
  A quokka zombie (D:10)
  2 rats (D:1)
  3 fungi
  2 starspawn tentacles (Abyss:2)
1502 creatures vanquished.

Vanquished Creatures (collateral kills)
  An ancient lich (Tomb:2)
  3 greater mummies
  Sojobo (Tomb:2)
  Bai Suzhen (Vaults:2)
  A golden dragon (Vaults:5)
  A golden dragon (shapeshifter) (Vaults:5)
  A tentacled monstrosity (Vaults:5)
  2 titans (Vaults:5)
  5 sphinxes
  2 ancient champions (Crypt:2)
  5 shadow dragons (Vaults:5)
  3 tengu reavers
  A frost giant (Vaults:5)
  6 vault wardens
  2 iron dragons (Vaults:5)
  A ghoul (Crypt:3)
  2 deep elf elementalists (Vaults:5)
  2 ironheart preservers
  2 war gargoyles (Vaults:5)
  A very ugly thing (Vaults:5)
  8 stone giants
  An entropy weaver (Vaults:3)
  2 deep elf demonologists (Vaults:5)
  3 vampire knights
  2 bennus (Tomb:3)
  3 deep elf death magi
  An ettin (Vaults:5)
  3 jiangshi
  4 mummy priests
  A yaktaur captain (Vaults:5)
  2 deep elf high priests (Vaults:5)
  An ice dragon (Vaults:2)
  14 vault guards
  2 centaur warriors
  A catoblepas (shapeshifter) (Vaults:5)
  10 two-headed ogres
  An ogre mage (Vaults:2)
  17 death scarabs
  An anaconda zombie (Crypt:1)
  A shadow wraith (Crypt:2)
  5 skeletal warriors
  3 deep trolls
  A wizard (Vaults:3)
  A flayed ghost (Crypt:3)
  An iron giant zombie (Crypt:2)
  5 ironbrand convokers
  4 harpies (Vaults:2)
  7 deep elf archers
  A wolf spider (shapeshifter) (Vaults:5)
  6 ugly things
  2 deep elf magi (Vaults:5)
  3 phantasmal warriors
  5 orc knights
  An iron dragon skeleton (Tomb:3)
  2 frost giant zombies
  2 human skeletons
  2 vault sentinels (Vaults:3)
  A grey draconian zombie (Crypt:2)
  21 yaktaurs
  2 rime drakes (shapeshifter)
  24 guardian mummies
  An elf skeleton (Vaults:5)
  A queen ant zombie (Crypt:1)
  A green draconian skeleton (Crypt:2)
  A queen bee (shapeshifter) (Vaults:2)
  A tengu simulacrum (Vaults:2)
  A hornet (Vaults:3)
  A blink frog (shapeshifter) (Vaults:5)
  A hydra skeleton (Tomb:1)
  A satyr zombie (Crypt:2)
  A stone giant simulacrum (Vaults:2)
  An ettin zombie (Vaults:5)
  13 flying skulls
  8 ushabtiu
  An ettin skeleton (Vaults:5)
  A basilisk (shapeshifter) (Vaults:4)
  A warg (Vaults:2)
  An acid dragon (Vaults:1)
  A human zombie (Vaults:2)
  10 orc warriors
  2 centaurs (Vaults:1)
  6 ogres
  An orc simulacrum (Vaults:2)
  A wight (Crypt:3)
  An orc wizard (Vaults:2)
  20 mummies
  8 orcs
  A giant cockroach zombie (Crypt:1)
  7 crawling corpses (Vaults:5)
314 creatures vanquished.

Vanquished Creatures (others)
  A fire giant (Vaults:4)
  A nagaraja (Snake:4)
  A deep elf sorcerer (Vaults:5)
  2 harpies
  4 deep elf magi
  2 naga magi (Snake:4)
  A wyvern (Lair:6)
  3 nagas (Snake:4)
  A hell hound (Lair:6)
  An ogre (Vaults:5)
  15 fungi
  20 plants
  A snaplasher vine (WizLab)
  3 starspawn tentacles (Abyss:2)
  4 tentacles (Shoals:4)
60 creatures vanquished.

Grand Total: 1876 creatures vanquished

Notes
Turn   | Place    | Note
-------+----------+-------------------------------------------
     0 | D:1      | Flugkiller the Draconian Earth Elementalist began the quest
                  | for the Orb.
     0 | D:1      | Reached XP level 1. HP: 14/14 MP: 3/3
   126 | D:1      | Reached XP level 2. HP: 11/20 MP: 0/5
   174 | D:2      | Learned a level 2 spell: Passwall
   417 | D:3      | Reached XP level 3. HP: 26/26 MP: 3/6
   488 | D:4      | Learned a level 3 spell: Stone Arrow
   606 | D:4      | Reached XP level 4. HP: 15/33 MP: 0/8
   650 | D:4      | Noticed a phantom
   753 | D:4      | Killed a phantom
   753 | D:4      | Reached skill level 5 in Earth Magic
   753 | D:4      | Reached XP level 5. HP: 22/38 MP: 0/9
  1021 | D:4      | Found a white marble altar of Elyvilon.
  1071 | D:4      | Reached XP level 6. HP: 32/45 MP: 8/10
  1106 | D:5      | Entered Level 5 of the Dungeon
  1196 | D:5      | Learned a level 5 spell: Lee's Rapid Deconstruction
  1216 | D:5      | Noticed Grinder
  1226 | D:5      | Killed Grinder
  1226 | D:5      | Your scales start taking on a dull iron-grey colour.
  1226 | D:5      | Reached XP level 7. HP: 40/50 MP: 5/11
  1226 | D:5      | Gained mutation: You can survive without breathing. [Grey
                  | Draconian growth]
  1349 | D:5      | Noticed Pikel
  1363 | D:5      | Killed Pikel
  1363 | D:5      | Reached XP level 8. HP: 48/57 MP: 7/12
  1397 | D:5      | Found a snail-covered altar of Cheibriados.
  1404 | D:5      | Became a worshipper of Cheibriados the Contemplative
  1495 | D:5      | Noticed Menkaure
  1502 | D:5      | Killed Menkaure
  1670 | D:6      | Found a shattered altar of Ashenzari.
  1708 | D:6      | Found an opulent altar of Gozag.
  1805 | D:6      | Reached skill level 1 in Fighting
  1972 | D:6      | Found a glowing golden altar of the Shining One.
  2060 | D:7      | Reached * piety under Cheibriados
  2332 | D:8      | Reached XP level 9. HP: 65/70 MP: 8/15
  2474 | D:8      | Noticed an elephant
  2475 | D:8      | Found a staircase to the Lair.
  2492 | D:8      | Killed an elephant
  2492 | D:8      | Reached skill level 5 in Fighting
  2539 | D:9      | Found a radiant altar of Vehumet.
  2592 | D:9      | Reached skill level 5 in Dodging
  2602 | D:9      | Reached ** piety under Cheibriados
  2836 | D:9      | You fall into a shaft and drop 3 floors!
  2837 | D:12     | Noticed a troll
  2889 | D:12     | Found a flagged portal.
  2893 | D:12     | Noticed Jorgrun
  2947 | D:12     | Noticed a deep elf mage
  2955 | D:12     | Killed a deep elf mage
  2985 | Bailey   | Entered a bailey
  2997 | Bailey   | Noticed an orc knight
  3098 | Bailey   | Reached XP level 10. HP: 79/83 MP: 0/16
  3107 | Bailey   | Killed an orc knight
  3130 | Bailey   | Reached *** piety under Cheibriados
  3170 | Bailey   | Reached skill level 5 in Invocations
  3274 | D:12     | Killed Jorgrun
  3314 | D:11     | Noticed a two-headed ogre
  3322 | D:11     | Noticed a six-headed hydra
  3380 | D:11     | Found a frozen archway.
  3392 | D:11     | Reached XP level 11. HP: 33/91 MP: 3/18
  3427 | IceCv    | Entered an ice cave
  3428 | IceCv    | Reached **** piety under Cheibriados
  3483 | IceCv    | Reached skill level 5 in Spellcasting
  3593 | D:11     | Noticed a two-headed ogre
  3599 | D:11     | Killed a two-headed ogre
  3716 | D:11     | Found Vovi's Magic Scroll Shop.
  3760 | D:11     | Reached ***** piety under Cheibriados
  3857 | D:11     | HP: 3/94 [two-headed ogre/+0 giant club (20)]
  3898 | D:11     | Killed a six-headed hydra
  3898 | D:11     | Reached skill level 5 in Evocations
  3912 | D:11     | Killed a two-headed ogre
  3926 | D:11     | Bought a scroll of blinking for 97 gold pieces
  3939 | D:10     | Entered Level 10 of the Dungeon
  3963 | D:11     | Killed an unseen horror
  4093 | D:10     | Found a staircase to the Orcish Mines.
  4093 | D:10     | Found Zemni's Armour Shop.
  4096 | D:10     | Found Wereys's Weapon Shop.
  4158 | D:10     | Reached XP level 12. HP: 84/103 MP: 19/19
  4175 | Orc:1    | Entered Level 1 of the Orcish Mines
  4556 | Orc:1    | You fall into a shaft and drop 1 floor!
  4556 | Orc:2    | Entered Level 2 of the Orcish Mines
  4619 | Orc:2    | Reached skill level 10 in Fighting
  4684 | Orc:2    | Found a staircase to the Elven Halls.
  4756 | Orc:2    | Found a roughly hewn altar of Beogh.
  4802 | Orc:2    | Noticed a stone giant
  4810 | Orc:2    | Killed a stone giant
  4810 | Orc:2    | Reached skill level 10 in Dodging
  4945 | Orc:2    | Learned a level 4 spell: Petrify
  5012 | Orc:2    | Noticed Urug
  5032 | Orc:2    | Killed Urug
  5032 | Orc:2    | Reached ****** piety under Cheibriados
  5079 | Orc:2    | Paralysed by an orc sorcerer for 5 turns
  5131 | Orc:2    | Found a radiant altar of Vehumet.
  5131 | Orc:2    | Noticed Erolcha
  5139 | Orc:2    | Killed Erolcha
  5287 | Orc:2    | Found an ancient bone altar of Kikubaaqudgha.
  5301 | Orc:2    | Found Beulahal's Gadget Boutique.
  5334 | Orc:2    | Found a roughly hewn altar of Beogh.
  5334 | Orc:2    | Found Fagol's Distillery.
  5346 | Orc:2    | Found Tiar's Distillery.
  5354 | Orc:2    | Found Awelot's Antique Armour Boutique.
  5376 | Orc:2    | Gained mutation: Your magical capacity is low. (-10% MP)
                  | [potion of mutation]
  5376 | Orc:2    | Gained mutation: You are dopey. (Int -2) [potion of
                  | mutation]
  5376 | Orc:2    | Gained mutation: You are very dopey. (Int -4) [potion of
                  | mutation]
  5376 | Orc:2    | Gained mutation: You are robust. (+10% HP) [potion of
                  | mutation]
  5377 | Orc:2    | Bought a potion of mutation for 104 gold pieces
  5377 | Orc:2    | Lost mutation: You are very dopey. (Int -4) [potion of
                  | mutation]
  5377 | Orc:2    | Lost mutation: You are dopey. (Int -2) [potion of mutation]
  5377 | Orc:2    | Gained mutation: Your large and strong wings let you fly
                  | indefinitely. [potion of mutation]
  5377 | Orc:2    | Gained mutation: You have sharp toenails. [potion of
                  | mutation]
  5377 | Orc:2    | Gained mutation: You are clumsy. (Dex -2) [potion of
                  | mutation]
  5377 | Orc:2    | Lost mutation: You are clumsy. (Dex -2) [potion of
                  | mutation]
  5419 | Orc:2    | Bought a tin of tremorstones (3/3) for 640 gold pieces
  5637 | D:10     | Reached XP level 13. HP: 127/127 MP: 18/18
  5698 | D:10     | Bought a +2 pair of gloves for 247 gold pieces
  5709 | D:10     | Bought a +0 cloak for 67 gold pieces
  5818 | Lair:1   | Entered Level 1 of the Lair of Beasts
  6713 | Lair:4   | Lost mutation: Your magical capacity is low. (-10% MP)
                  | [potion of mutation]
  6713 | Lair:4   | Gained mutation: You are weak. (Str -2) [potion of
                  | mutation]
  6713 | Lair:4   | Lost mutation: You are weak. (Str -2) [potion of mutation]
  6713 | Lair:4   | Gained mutation: Your magical capacity is low. (-10% MP)
                  | [potion of mutation]
  6713 | Lair:4   | Gained mutation: You passively map a small area around you.
                  | [potion of mutation]
  6839 | Lair:4   | Found a staircase to the Snake Pit.
  6853 | Snake:1  | Entered Level 1 of the Snake Pit
  7028 | Lair:5   | HP: 6/129 [komodo dragon (14)]
  7037 | Lair:5   | Reached skill level 1 in Axes
  7050 | Lair:5   | Noticed Josephine
  7546 | Elf:1    | Entered Level 1 of the Elven Halls
  7699 | Elf:1    | Identified Roxanne's Incunabulum of Transmutation
  7699 | Elf:1    | Noticed Roxanne
  7702 | Elf:1    | Killed Roxanne
  7748 | Elf:1    | Learned a level 6 spell: Statue Form
  7769 | Elf:1    | Reached XP level 14. HP: 92/138 MP: 12/21
  7804 | Elf:1    | Noticed a deep elf sorcerer
  7808 | Elf:1    | Cast into level 2 of the Abyss (a deep elf sorcerer)
  8034 | Abyss:2  | Noticed a bone dragon
  8102 | Abyss:2  | Noticed a starcursed mass
  8158 | Abyss:2  | Reached skill level 5 in Transmutations
  8216 | Abyss:2  | Noticed an Executioner
  8221 | Abyss:2  | Killed an Executioner
  8222 | Abyss:2  | Noticed a tentacled starspawn
  8225 | Abyss:2  | Noticed a tentacled starspawn
  8230 | Abyss:2  | Killed a tentacled starspawn
  8230 | Abyss:2  | Killed a tentacled starspawn
  8230 | Abyss:2  | Reached skill level 15 in Earth Magic
  8277 | Elf:1    | Escaped the Abyss
  8279 | Elf:1    | Reached skill level 1 in Shields
  8279 | Elf:1    | Killed a deep elf sorcerer
  8385 | Elf:1    | Reached skill level 1 in Unarmed Combat
  8450 | Elf:3    | Entered Level 3 of the Elven Halls
  8671 | Elf:3    | Reached skill level 5 in Unarmed Combat
  8809 | Elf:3    | Got a twitching silver ring
  8811 | Elf:3    | Identified the ring "Simad" {MR+ Int+6 Slay-2 SInv} (You
                  | found it on level 3 of the Elven Halls)
  8828 | Elf:3    | Found a shimmering blue altar of Sif Muna.
  8868 | Elf:3    | Noticed a deep elf sorcerer
  8871 | Elf:3    | Killed a deep elf sorcerer
  8871 | Elf:3    | Noticed a deep elf sorcerer
  8872 | Elf:3    | Noticed a deep elf elementalist
  8875 | Elf:3    | Killed a deep elf sorcerer
  8875 | Elf:3    | Reached XP level 15. HP: 145/145 MP: 9/22
  9042 | Elf:3    | Noticed a deep elf master archer
  9051 | Elf:3    | Noticed a deep elf sorcerer
  9053 | Elf:3    | Noticed a deep elf blademaster
  9055 | Elf:3    | Killed a deep elf sorcerer
  9059 | Elf:3    | Killed a deep elf master archer
  9059 | Elf:3    | Reached skill level 10 in Unarmed Combat
  9061 | Elf:3    | Killed a deep elf blademaster
  9104 | Elf:3    | Noticed a deep elf master archer
  9108 | Elf:3    | Killed a deep elf master archer
  9123 | Elf:3    | Noticed a deep elf blademaster
  9131 | Elf:3    | Killed a deep elf blademaster
  9169 | Elf:3    | Identified the +3 chain mail of Love and Death {rPois rF+
                  | rC+ Dex+3}
  9169 | Elf:3    | Noticed a deep elf master archer
  9172 | Elf:3    | Killed a deep elf master archer
  9173 | Elf:3    | Noticed a deep elf sorcerer
  9176 | Elf:3    | Killed a deep elf sorcerer
  9177 | Elf:3    | Identified the +4 flail of Qazlal's Castigation {distort,
                  | rPois Str+4}
  9192 | Elf:3    | Identified a scroll of acquirement
  9213 | Elf:3    | Identified the cursed +1 chain mail of the Good {rC++
                  | Regen+ rCorr Str-5}
  9213 | Elf:3    | Noticed a deep elf blademaster
  9306 | Elf:3    | Killed a deep elf blademaster
  9369 | Elf:3    | Identified the cursed +0 leather armour of Melancholy
                  | {Int+6 Dex+4}
  9369 | Elf:3    | Identified the ring "Pucsip" {MR+ Stlth+}
  9384 | Elf:3    | Identified Logak's Tome of Dusty Toxins
  9406 | Elf:3    | Identified a +2 pair of boots of running (You found it on
                  | level 3 of the Elven Halls)
  9607 | Elf:2    | Reached skill level 5 in Shields
  9607 | Elf:2    | Reached XP level 16. HP: 152/152 MP: 12/23
  9818 | Elf:2    | Found a runed translucent gate.
  9818 | Elf:2    | Found a runed translucent gate.
 10188 | Lair:2   | Found a staircase to the Shoals.
 10193 | Shoals:1 | Entered Level 1 of the Shoals
 10246 | Shoals:1 | Noticed Donald
 10266 | Shoals:1 | Killed Donald
 10356 | Shoals:2 | Noticed a kraken
 10380 | Shoals:2 | Bought an uncursed amulet of regeneration for 600 gold
                  | pieces
 10462 | Shoals:1 | Reached skill level 10 in Shields
 10522 | Shoals:4 | Entered Level 4 of the Shoals
 10737 | Shoals:4 | Got a pair of shimmering boots
 10744 | Shoals:4 | Identified the +2 pair of boots of Death's Door {rF+} (You
                  | found it on level 4 of the Shoals)
 10790 | Shoals:4 | Identified the ring of Sovereignty {rElec rPois rN+ Str-4
                  | Stlth-}
 10845 | Shoals:4 | Noticed a kraken
 10855 | Shoals:4 | Killed a kraken
 10863 | Shoals:4 | Got a barnacled rune of Zot
 10905 | Shoals:4 | Noticed Ilsuiw
 10925 | Shoals:4 | Killed Ilsuiw
 10925 | Shoals:4 | Reached XP level 17. HP: 162/162 MP: 24/25
 11038 | Shoals:4 | Found a runed translucent door.
 11038 | Shoals:4 | Noticed grindst0ne's ghost (adept CeHu)
 11066 | Shoals:4 | Killed grindst0ne's ghost
 11143 | Shoals:4 | Found Yfaj's Distillery.
 11163 | Shoals:4 | Bought a potion of resistance for 210 gold pieces
 11185 | Shoals:3 | Noticed Polyphemus
 11195 | Shoals:3 | Killed Polyphemus
 11739 | Snake:4  | Entered Level 4 of the Snake Pit
 11987 | Snake:4  | Noticed Agnes
 11991 | Snake:4  | Killed Agnes
 12046 | Snake:4  | Reached XP level 18. HP: 176/176 MP: 10/27
 12057 | Snake:4  | Learned a level 8 spell: Infestation
 12070 | Snake:4  | Reached skill level 1 in Necromancy
 12100 | Snake:4  | Reached skill level 2 in Necromancy
 12124 | Snake:4  | Reached skill level 3 in Necromancy
 12124 | Snake:4  | Reached skill level 10 in Invocations
 12221 | Snake:4  | Noticed Vashnia
 12253 | Snake:4  | Killed Vashnia
 12253 | Snake:4  | Reached skill level 4 in Necromancy
 12301 | Snake:4  | Reached skill level 5 in Necromancy
 12354 | Snake:4  | Reached skill level 6 in Necromancy
 12361 | Snake:4  | Got a serpentine rune of Zot
 12513 | Lair:5   | Noticed Snorg
 12527 | Lair:5   | Killed Snorg
 12620 | Lair:6   | Entered Level 6 of the Lair of Beasts
 12644 | Lair:6   | Reached skill level 7 in Necromancy
 12764 | Lair:6   | Found a large runed translucent door.
 12764 | Lair:6   | Found a large runed translucent door.
 12856 | Lair:6   | Reached skill level 8 in Necromancy
 13070 | Lair:6   | Found an iron altar of Okawaru.
 13193 | Lair:5   | Killed Josephine
 13193 | Lair:5   | Reached skill level 9 in Necromancy
 13397 | Lair:6   | Found a staircase to the Slime Pits.
 13405 | Slime:1  | Entered Level 1 of the Pits of Slime
 13421 | Slime:1  | Gained mutation: You have supernaturally acute eyesight.
                  | (SInv) [a shining eye]
 13460 | Slime:2  | Reached skill level 10 in Necromancy
 13520 | Slime:3  | Noticed Dissolution
 13528 | Slime:3  | Killed Dissolution
 13528 | Slime:3  | Reached skill level 11 in Necromancy
 13528 | Slime:3  | Reached XP level 19. HP: 65/183 MP: 5/28
 13652 | Slime:3  | Reached skill level 12 in Necromancy
 13708 | Slime:5  | Entered Level 5 of the Pits of Slime
 13842 | Slime:5  | Gained mutation: Potions are less effective at restoring
                  | your health. [a shining eye]
 13866 | Slime:5  | Gained mutation: Your body sometimes deteriorates upon
                  | taking damage. [a shining eye]
 13866 | Slime:5  | Gained mutation: You are clumsy. (Dex -2) [a shining eye]
 13867 | Slime:5  | Gained mutation: Your magical capacity is very low. (-20%
                  | MP) [a shining eye]
 13872 | Slime:5  | Reached skill level 13 in Necromancy
 13884 | Slime:5  | Found a viscous altar of Jiyva.
 13886 | Slime:5  | Noticed the Royal Jelly
 13996 | Slime:5  | Found the +15 Maxwell's patent armour {-Cast -Tele rElec
                  | MR+ rCorr}
 14081 | Slime:5  | Killed the Royal Jelly
 14081 | Slime:5  | Reached skill level 14 in Necromancy
 14096 | Slime:5  | Learned a level 1 spell: Apportation
 14162 | Slime:5  | Learned a level 5 spell: Borgnjor's Vile Clutch
 14201 | Slime:5  | Got a slimy rune of Zot
 14344 | Lair:6   | Lost mutation: You are clumsy. (Dex -2) [potion of
                  | mutation]
 14344 | Lair:6   | Lost mutation: You are robust. (+10% HP) [potion of
                  | mutation]
 14344 | Lair:6   | Lost mutation: You passively map a small area around you.
                  | [potion of mutation]
 14344 | Lair:6   | Gained mutation: Your spells are a little easier to cast,
                  | but a little less powerful. [potion of mutation]
 14344 | Lair:6   | Gained mutation: Your body often deteriorates upon taking
                  | damage. [potion of mutation]
 14344 | Lair:6   | Gained mutation: You expend magic power (3 MP) to
                  | strengthen your wands. [potion of mutation]
 14345 | Lair:6   | Lost mutation: Your magical capacity is very low. (-20% MP)
                  | [potion of mutation]
 14345 | Lair:6   | Lost mutation: Your spells are a little easier to cast, but
                  | a little less powerful. [potion of mutation]
 14345 | Lair:6   | Lost mutation: Your body often deteriorates upon taking
                  | damage. [potion of mutation]
 14345 | Lair:6   | Lost mutation: Your body sometimes deteriorates upon taking
                  | damage. [potion of mutation]
 14345 | Lair:6   | Gained mutation: Your magical capacity is very low. (-20%
                  | MP) [potion of mutation]
 14345 | Lair:6   | Lost mutation: You have supernaturally acute eyesight.
                  | (SInv) [potion of mutation]
 14345 | Lair:6   | Gained mutation: You evolve. [potion of mutation]
 14346 | Lair:6   | Lost mutation: You evolve. [potion of mutation]
 14346 | Lair:6   | Lost mutation: You expend magic power (3 MP) to strengthen
                  | your wands. [potion of mutation]
 14346 | Lair:6   | Lost mutation: You have sharp toenails. [potion of
                  | mutation]
 14346 | Lair:6   | Gained mutation: Your muscles are strong. (Str +2) [potion
                  | of mutation]
 14346 | Lair:6   | Gained mutation: Your mind is acute. (Int +2) [potion of
                  | mutation]
 14346 | Lair:6   | Gained mutation: You are resistant to electric shocks.
                  | (rElec) [potion of mutation]
 14346 | Lair:6   | Gained mutation: You possess an exceptional clarity of
                  | mind. [potion of mutation]
 14347 | Lair:6   | Lost mutation: You are resistant to electric shocks.
                  | (rElec) [potion of mutation]
 14347 | Lair:6   | Lost mutation: Potions are less effective at restoring your
                  | health. [potion of mutation]
 14347 | Lair:6   | Lost mutation: Your magical capacity is very low. (-20% MP)
                  | [potion of mutation]
 14347 | Lair:6   | Gained mutation: Your flesh is cold resistant. (rC+)
                  | [potion of mutation]
 14347 | Lair:6   | Gained mutation: You expend magic power (3 MP) to
                  | strengthen your wands. [potion of mutation]
 14347 | Lair:6   | Gained mutation: Your muscles are very strong. (Str +4)
                  | [potion of mutation]
 14348 | Lair:6   | Upgraded the game from 0.26-a0-224-g2964c8cf50 to
                  | 0.26-a0-228-g29f007ebfe
 14589 | D:11     | Bought a scroll of teleportation for 39 gold pieces
 14589 | D:11     | Bought a scroll of teleportation for 39 gold pieces
 14589 | D:11     | Bought a scroll of immolation for 45 gold pieces
 14589 | D:11     | Bought a scroll of immolation for 45 gold pieces
 14589 | D:11     | Bought a scroll of fog for 26 gold pieces
 14589 | D:11     | Bought a scroll of fog for 26 gold pieces
 14589 | D:11     | Bought a scroll of fog for 26 gold pieces
 14761 | D:13     | Found a gate to the Vaults.
 14766 | Vaults:1 | Entered Level 1 of the Vaults
 14889 | Vaults:2 | Found a flickering gateway to a bazaar.
 14900 | Bazaar   | Entered a bazaar
 14900 | Bazaar   | Found Onu Fiech's General Store.
 14900 | Bazaar   | Found Fuhugof's Weapon Boutique.
 14926 | Bazaar   | Found Hurphean's Weapon Boutique.
 14956 | Bazaar   | Found Cacajoxt's Weapon Shop.
 15026 | Vaults:2 | Got an ancient kite shield
 15036 | Vaults:2 | Identified the +4 kite shield "Cunnom" {Str+2} (You found
                  | it on level 2 of the Vaults)
 15090 | Vaults:2 | Reached skill level 1 in Translocations
 15214 | Vaults:2 | Reached skill level 10 in Spellcasting
 15261 | Vaults:2 | Reached skill level 15 in Necromancy
 15261 | Vaults:2 | Reached XP level 20. HP: 174/174 MP: 7/30
 15385 | Vaults:3 | Noticed Mennas
 15402 | Vaults:3 | Killed Mennas
 15749 | Vaults:4 | Reached skill level 16 in Necromancy
 15872 | Vaults:4 | Noticed Asterion
 15876 | Vaults:4 | Noticed Rupert
 15897 | Vaults:4 | Killed Asterion
 15899 | Vaults:4 | HP: 11/226 [burnt (3)]
 15927 | Vaults:4 | Killed Rupert
 16134 | Vaults:3 | Found Xigeam's Assorted Antiques.
 16146 | Vaults:3 | Bought a scroll of blinking for 255 gold pieces
 16146 | Vaults:3 | Bought a scroll of magic mapping for 119 gold pieces
 16291 | Vaults:5 | Entered Level 5 of the Vaults
 16296 | Vaults:5 | Noticed a golden dragon
 16299 | Vaults:5 | Reached skill level 17 in Necromancy
 16303 | Vaults:5 | Reached XP level 21. HP: 181/181 MP: 6/33
 16310 | Vaults:5 | Killed a golden dragon
 16358 | Vaults:4 | Reached skill level 18 in Necromancy
 16536 | Vaults:4 | Got a faintly glowing rapier
 16573 | Vaults:5 | Reached skill level 19 in Necromancy
 16634 | Vaults:5 | Identified The Foundations of Secret Knowledge
 16640 | Vaults:5 | Identified the +2 pair of boots "Urocou" {+Inv +Fly rC+}
                  | (You found it on level 5 of the Vaults)
 16760 | Vaults:5 | Got a silver rune of Zot
 16828 | Vaults:5 | Found Veats's Distillery.
 16859 | Vaults:5 | Bought a potion of might for 76 gold pieces
 16859 | Vaults:5 | Bought a potion of resistance for 190 gold pieces
 16859 | Vaults:5 | Bought a potion of might for 76 gold pieces
 16920 | Vaults:5 | Reached skill level 20 in Necromancy
 16932 | Vaults:5 | Noticed a golden dragon
 16932 | Vaults:5 | a shadow dragon changed into a golden dragon
 16932 | Vaults:5 | Killed a golden dragon
 16939 | Vaults:5 | Learned a level 5 spell: Summon Forest
 17249 | Vaults:3 | Reached skill level 5 in Translocations
 17250 | Vaults:3 | Reached XP level 22. HP: 189/189 MP: 27/34
 17394 | Vaults:2 | Noticed Bai Suzhen
 17403 | Vaults:2 | Killed Bai Suzhen
 17429 | Vaults:2 | Found a staircase to the Crypt.
 17429 | Vaults:2 | Found a basalt altar of Yredelemnul.
 17430 | Vaults:2 | Found an ancient bone altar of Kikubaaqudgha.
 17433 | Vaults:2 | finally
 17436 | Crypt:1  | Entered Level 1 of the Crypt
 17471 | Crypt:1  | Found a magical portal.
 17487 | WizLab   | Entered Wucad Mu's Monastery
 17560 | Crypt:1  | Paralysed by a vampire knight for 5 turns
 17724 | Crypt:2  | Learned a level 8 spell: Necromutation
 17770 | Crypt:3  | Entered Level 3 of the Crypt
 17969 | Crypt:3  | Found a staircase to the Tomb.
 17974 | Tomb:1   | Entered Level 1 of the Tomb of the Ancients
 18100 | Tomb:1   | Noticed a greater mummy
 18108 | Tomb:1   | Killed a greater mummy
 18109 | Tomb:1   | Noticed a greater mummy
 18120 | Tomb:1   | Killed a greater mummy
 18214 | Tomb:1   | Learned a level 3 spell: Lesser Beckoning
 18373 | Tomb:2   | Noticed Sojobo
 18374 | Tomb:2   | Noticed a greater mummy
 18374 | Tomb:2   | Noticed a greater mummy
 18408 | Tomb:2   | Noticed a greater mummy
 18416 | Tomb:2   | Killed a greater mummy
 18447 | Tomb:2   | Killed a greater mummy
 18643 | Tomb:2   | Noticed an ancient lich
 18650 | Tomb:2   | Killed an ancient lich
 18656 | Tomb:2   | Killed a greater mummy
 18660 | Tomb:2   | Noticed a greater mummy
 18664 | Tomb:2   | Killed a greater mummy
 18664 | Tomb:2   | Reached skill level 15 in Fighting
 18664 | Tomb:2   | Reached XP level 23. HP: 115/199 MP: 3/36
 18671 | Tomb:2   | Killed Sojobo
 18827 | Tomb:2   | Learned a level 9 spell: Shatter
 18862 | Tomb:2   | Reached skill level 15 in Unarmed Combat
 18990 | Tomb:3   | Entered Level 3 of the Tomb of the Ancients
 19011 | Tomb:3   | Noticed a greater mummy
 19090 | Tomb:2   | Learned a level 8 spell: Borgnjor's Revivification
 19100 | Tomb:3   | Killed a greater mummy
 19102 | Tomb:3   | Noticed an ancient lich
 19103 | Tomb:3   | Noticed a greater mummy
 19111 | Tomb:3   | Noticed a greater mummy
 19112 | Tomb:3   | Killed a greater mummy
 19127 | Tomb:3   | Killed a greater mummy
 19128 | Tomb:3   | Noticed a greater mummy
 19138 | Tomb:3   | Killed a greater mummy
 19138 | Tomb:3   | Noticed a greater mummy
 19151 | Tomb:3   | Killed a greater mummy
 19153 | Tomb:3   | Noticed a greater mummy
 19155 | Tomb:3   | Noticed Khufu
 19163 | Tomb:3   | Killed an ancient lich
 19173 | Tomb:3   | Noticed a greater mummy
 19235 | Tomb:3   | Reached skill level 15 in Spellcasting
 19259 | Tomb:3   | Killed a greater mummy
 19268 | Tomb:3   | Killed Khufu
 19270 | Tomb:3   | Got a golden rune of Zot
 19498 | Tomb:3   | Slain by an emperor scorpion

Illustrated notes

#......# # #......#
#########'###+####
##..........+.....
.#..........#.8.#####
.#s.........#...#...#
.#..........#.###._.###
.'..........#.#ss.....#
.############.'s@.>...#
## #.#ss.....# #
#.###._.### # #s..#...#
## #.8s#####.8.
#......# #...........
#......#######'###+##
#......#....s..#
#......#.......#


Turn 17433 on Vaults:2: finally

Levels and vault maps discovered:
D:1:      minmay_arrival_up_and_down, layout_loops_ring, st_stairs_5
D:2:      layout_basic, first_ration, minmay_stone_trees_small
D:3:      layout_basic, zin_academy, kiku_gazebo_pond_becter, minivault_14,
          uniq_ijyb
D:4:      layout_gridville, kennysheep_mini_moat, minivault_24,
          minmay_goblin_outpost
D:5:      layout_cave_pods, lemuel_round_altar, uniq_pikel, uniq_grinder,
          uniq_crazy_yiuf_cottage, uniq_menkaure
D:6:      layout_loops_cross, nicolae_gozag_seed_capital, basic_altar,
          ashenzari_altar_1, uniq_sigmund
D:7:      layout_rooms, old_standard_altar, minmay_temple_entry_offerings
D:8:      layout_loops_ring, david_lair_generic
D:9:      layout_irregular_city, vehumet_crystals, basic_altar,
          minmay_misc_feat_more_columns, hangedman_little_slice_of_home
D:10:     layout_basic, orc_david_3, serial_shops, shop, st_stairs_14,
          grunt_ministairs_13, minmay_misc_feat_rows
D:11:     layout_rooms, serial_shops, kennysheep_mini,
          portal_ice_cave_entry_ice_beasts
D:12:     layout_loops_ring, enter_bailey_8, kennysheep_boxes, uniq_azrael,
          uniq_jorgrun
D:13:     layout_basic, hangedman_vaults_entry_quadrant_bands
Lair:1:   layout_gridlike
Lair:2:   layout_small_grid, elwin_shoals_entry_rooms
Lair:3:   layout_cave_pods, special_room [special_room_bee], minivault_23
Lair:4:   layout_gridlike, dummy_snake_entry
Lair:5:   layout_roguey [special_room_mythical_zoo], uniq_snorg, uniq_josephine
Lair:6:   cheibrodos_lair_end_hotspot, layout_regular_city,
          dpeg_slime_entry_corner, basic_altar
Shoals:1: layout_shoals, gammafunk_ghost_abyssal_escape, st_sunken_huts,
          uniq_donald
Shoals:2: layout_shoals, serial_shops, shop, nicolae_shoals_square_sea_wall
Shoals:3: layout_shoals, uniq_polyphemus
Shoals:4: shoals_end_hangedman, layout_shoals, shoals_ilsuiw_alternative,
          ebering_ghost_reflecting_pool, serial_shops, nicolae_shop_statue_plus
Snake:1:  dpeg_oklob_gauntlet, layout_onion_interference, basic_altar,
          guppyfry_snake_island
Snake:2:  layout_chambers
Snake:3:  layout_cave_town, serial_shops, shop, nicolae_shop_trees,
          nicolae_shop_competitors_out_of_business, shop,
          nicolae_shop_window_shopping
Snake:4:  grunt_snake_rune_pools, layout_cave_town, serial_bayou_shore_a,
          uniq_vashnia, uniq_agnes
Slime:1:  layout_caves, cheibrodos_slime_lost_civilization_5
Slime:2:  layout_caves
Slime:3:  layout_caves, dissolution_awaits
Slime:4:  layout_caves
Slime:5
Orc:1:    layout_diamond_mine, lightli_orcish_oven
Orc:2:    kennysheep_orc_mage_school, layout_caves, basic_altar, uniq_urug
Elf:1:    minmay_elf_arrival_circle, layout_geoelf_grid,
          hangedman_elf_represent, uniq_aizul, uniq_roxanne
Elf:2:    layout_onion_city, minivault_25, nicolae_elf_w_pinch
Elf:3:    minmay_elf_hall_statues, layout_loops_corners, lemuel_blue_sif_altar
Vaults:1: grunt_vaults_funnel, nicolae_vaults_theta, v_misc_23, v_misc_9,
          nicolae_vaults_ring_of_whatevers, vaults_room_door_hall,
          vaults_dpeg_ring, ontoclasm_vaults_gateway,
          nicolae_vaults_little_squares_4, ontoclasm_vaults_decontamination,
          layout_vaults_omnigrid, serial_shops, shop
Vaults:2: minmay_crypt_entry_necro_gods, v_misc_11, v_misc_10, v_misc_30,
          nicolae_vaults_stairing_the_circle, vaults_room_pools,
          vaults_dpeg_encased_lava, ontoclasm_vaults_shout, v_misc_12,
          hangedman_vaults_trim, layout_vaults_maze_snakey, serial_shops,
          bzr_in_the_mist, uniq_bai_suzhen
Vaults:3: st_quartered_hall, v_pattern_4, grunt_vaults_trifunnel,
          nicolae_vaults_three_branches, nicolae_vaults_shelves_hall,
          ontoclasm_vaults_chip, nicolae_vaults_border_crossing,
          ontoclasm_vaults_shuriken, layout_vaults_chaotic_city, serial_shops,
          shop, uniq_mennas
Vaults:4: sword_in_stone, vaults_standard_mumra_x,
          ontoclasm_vaults_loading_screen, nicolae_vaults_angled_halls,
          v_rooms_4, v_pattern_2, hangedman_vaults_cutoff,
          nicolae_vaults_what_the_h, vaults_room_pools,
          hangedman_vaults_capsules, vaults_room_fancy_cross,
          vaults_room_stairs_pillars, v_misc_19, layout_vaults_omnicross,
          serial_shops, nicolae_shop_behind_doors, uniq_jory
Vaults:5
Crypt:1:  layout_regular_city, infiniplex_enter_wizlab_water,
          corexii_leaking_fountain
Crypt:2:  layout_gridlike, nicolae_crypt_cryptocurrency, st_stairs_9,
          minivault_23, uniq_boris
Crypt:3:  due_elkab, layout_chaotic_city, nicolae_tomb_entry_rubble_hallway
Tomb:1
Tomb:2:   uniq_sojobo
Tomb:3

Skill      XL: |  1  2  3  4  5  6  7  8  9 10 11 12 13 14 15 16 17 18 19 20 21 22 23 |
---------------+----------------------------------------------------------------------+-----
Earth Magic    | 4 5 6 9 11 12 13 15 16 | 16.0
Spellcasting   | 3 4 5 6 7 9 10 12 14 15 | 15.3
Fighting       | 3 6 8 11 12 14 15 | 15.4
Dodging        | 3 6 8 10 12 13 | 13.2
Invocations    | 3 8 9 11 | 11.0
Evocations     | 3 4 6 |  6.0
Transmutations | 3 7 8 9 |  9.0
Axes           | 4 |  4.5
Shields        | 4 5 10 11 12 | 12.3
Unarmed Combat | 6 12 13 14 16 | 16.6
Necromancy     | 11 15 17 20 | 20.0
Translocations | 3 5 6 |  6.0
Stealth        | |  1.7

Action                   |  1- 3 |  4- 6 |  7- 9 | 10-12 | 13-15 | 16-18 | 19-21 | 22-24 || total
-------------------------+-------+-------+-------+-------+-------+-------+-------+-------++-------
Melee: Dagger            |    60 |     5 |       |       |       |       |       |       ||    65
       Tailslap          |     6 |     9 |    35 |    69 |   115 |   210 |   164 |   102 ||   710
       Unarmed           |     1 |       |       |       |    17 |   718 |   508 |   388 ||  1632
       Whip              |       |    43 |       |       |       |       |       |       ||    43
       Quarterstaff      |       |    30 |   183 |    64 |       |       |       |       ||   277
       Great sword       |       |       |       |    41 |       |       |       |       ||    41
       Broad axe         |       |       |       |   144 |   434 |   213 |    94 |       ||   885
       Kick              |       |       |       |     7 |   234 |   456 |    84 |       ||   781
Throw: Boomerang         |       |       |     3 |    33 |     1 |     6 |       |       ||    43
       Javelin           |       |       |       |     1 |     1 |     4 |     1 |     9 ||    16
       Throwing net      |       |       |       |       |       |       |     4 |     3 ||     7
 Cast: Sandblast         |    29 |    32 |    43 |   102 |    25 |     5 |       |       ||   236
       Passwall          |     3 |     9 |    23 |    17 |    30 |    37 |     8 |       ||   127
       Lee's Rapid Decon |       |       |    18 |    42 |    57 |     9 |    11 |     7 ||   144
       Stone Arrow       |       |       |     9 |    12 |    14 |     3 |       |       ||    38
       Petrify           |       |       |       |     1 |     2 |     4 |     2 |       ||     9
       Statue Form       |       |       |       |       |    41 |    84 |    60 |    42 ||   227
       Apportation       |       |       |       |       |       |       |    49 |    74 ||   123
       Infestation       |       |       |       |       |       |       |    32 |    26 ||    58
       Borgnjor's Vile C |       |       |       |       |       |       |    21 |    38 ||    59
       Summon Forest     |       |       |       |       |       |       |       |    12 ||    12
       Necromutation     |       |       |       |       |       |       |       |     8 ||     8
       Lesser Beckoning  |       |       |       |       |       |       |       |     3 ||     3
       Borgnjor's Revivi |       |       |       |       |       |       |       |     4 ||     4
       Shatter           |       |       |       |       |       |       |       |     1 ||     1
Invok: Slouch            |       |       |       |     2 |       |     9 |     7 |     9 ||    27
       Temporal Distorti |       |       |       |       |       |     1 |     2 |     3 ||     6
       Step From Time    |       |       |       |       |       |       |     2 |     5 ||     7
 Abil: Fly               |       |       |       |     1 |     1 |     1 |       |     1 ||     4
       Stop Flying       |       |       |       |       |     1 |     1 |     1 |     1 ||     4
       End Transformatio |       |       |       |       |       |     1 |     3 |     2 ||     6
       Evoke Invisibilit |       |       |       |       |       |     1 |       |       ||     1
Evoke: Wand              |       |       |     1 |    35 |     6 |     2 |     1 |     7 ||    52
       Lightning rod     |       |       |       |     4 |       |       |       |       ||     4
       Tin of tremorston |       |       |       |       |     6 |     5 |     7 |     4 ||    22
  Use: Scroll            |       |       |    12 |     9 |    10 |    11 |    15 |    28 ||    85
       Potion            |       |       |     1 |     3 |     2 |     3 |     9 |    10 ||    28
 Stab: Sleeping          |     2 |     1 |       |     2 |     3 |    12 |     4 |       ||    24
       Distracted        |       |       |     1 |       |       |       |    13 |     4 ||    18
       Paralysed         |       |       |       |     8 |     3 |       |       |       ||    11
       Petrified         |       |       |       |       |     2 |     4 |       |       ||     6
       Petrifying        |       |       |       |       |     1 |       |     1 |       ||     2
       Held in net/web   |       |       |       |       |       |       |       |     2 ||     2
  Eat: Ration            |       |     1 |     2 |     1 |     3 |     5 |     2 |     3 ||    17
Armor: Skin              |    28 |    34 |   132 |   160 |   363 |   536 |   353 |   206 ||  1812
Dodge: Dodged            |    50 |    70 |   206 |   436 |  1028 |  1926 |   879 |   532 ||  5127
       Repelled          |       |       |       |       |     1 |   142 |    50 |     6 ||   199
Block: Buckler           |       |       |       |       |   142 |    82 |       |       ||   224
       Kite shield       |       |       |       |       |       |  1536 |   964 |   662 ||  3162
       Reflection        |       |       |       |       |       |   148 |    23 |       ||   171
       Rpst.: Great sword |       |       |       |    30 |       |       |       |       ||    30

Table legend:
 A = Non-vault XP
 B = Vault XP
 C = Vault XP percentage of total XP
 D = Non-vault monster count
 E = Vault monster count
 F = Vault count percentage of total count
                 A         B        C        D         E       F
            +---------+---------+-------+---------+---------+-------
      Total |  389514 |  576925 |  59.7 |    1052 |     734 |  41.1
            +---------+---------+-------+---------+---------+-------
        D:1 |       9 |       5 |  35.7 |       6 |       3 |  33.3
        D:2 |       5 |       0 |   0.0 |       3 |       0 |   0.0
        D:3 |      27 |       0 |   0.0 |       6 |       0 |   0.0
        D:4 |     341 |      10 |   2.8 |      15 |       5 |  25.0
        D:5 |     436 |    1055 |  70.8 |      18 |       3 |  14.3
        D:6 |     252 |       0 |   0.0 |      10 |       0 |   0.0
        D:7 |     571 |       0 |   0.0 |      12 |       0 |   0.0
        D:8 |     353 |     872 |  71.2 |      10 |       4 |  28.6
        D:9 |     648 |     163 |  20.1 |      14 |       8 |  36.4
       D:10 |    2575 |     324 |  11.2 |      24 |       6 |  20.0
       D:11 |    7466 |    1043 |  12.3 |      43 |       8 |  15.7
       D:12 |    1680 |    2986 |  64.0 |      15 |       1 |   6.2
       D:13 |     623 |    5325 |  89.5 |       6 |      18 |  75.0
     Lair:1 |     776 |       0 |   0.0 |       4 |       0 |   0.0
     Lair:2 |    1672 |       0 |   0.0 |      11 |       0 |   0.0
     Lair:3 |    3392 |    1874 |  35.6 |      21 |      26 |  55.3
     Lair:4 |    2320 |     243 |   9.5 |       7 |       1 |  12.5
     Lair:5 |    8053 |    8712 |  52.0 |      27 |      30 |  52.6
     Lair:6 |    6911 |    6653 |  49.0 |      26 |      22 |  45.8
   Shoals:1 |    3294 |    1978 |  37.5 |       6 |       1 |  14.3
   Shoals:2 |    8071 |       0 |   0.0 |      16 |       0 |   0.0
   Shoals:3 |    5968 |    5141 |  46.3 |      16 |       4 |  20.0
   Shoals:4 |   10817 |   28545 |  72.5 |      24 |      39 |  61.9
    Snake:1 |    5219 |       0 |   0.0 |       9 |       0 |   0.0
    Snake:2 |    7325 |       0 |   0.0 |      12 |       0 |   0.0
    Snake:3 |   12841 |       0 |   0.0 |      23 |       0 |   0.0
    Snake:4 |   20145 |   47798 |  70.4 |      42 |      65 |  60.7
    Slime:1 |    6857 |       0 |   0.0 |      16 |       0 |   0.0
    Slime:2 |    7880 |       0 |   0.0 |      10 |       0 |   0.0
    Slime:3 |    9029 |   13778 |  60.4 |      14 |       1 |   6.7
    Slime:4 |   12245 |       0 |   0.0 |      29 |       0 |   0.0
    Slime:5 |    5909 |   29152 |  83.1 |      15 |      13 |  46.4
      Orc:1 |    3902 |     144 |   3.6 |      41 |       6 |  12.8
      Orc:2 |    5073 |    8509 |  62.6 |      28 |      36 |  56.2
      Elf:1 |   11100 |    9681 |  46.6 |      18 |      12 |  40.0
      Elf:2 |   16384 |    3143 |  16.1 |      30 |       4 |  11.8
      Elf:3 |   17023 |   42229 |  71.3 |      32 |      26 |  44.8
   Vaults:1 |    1269 |    5566 |  81.4 |       3 |      10 |  76.9
   Vaults:2 |   16876 |   15896 |  48.5 |      55 |      24 |  30.4
   Vaults:3 |   36488 |   32158 |  46.8 |      79 |      33 |  29.5
   Vaults:4 |    7639 |   24737 |  76.4 |      12 |      32 |  72.7
   Vaults:5 |   28324 |  106493 |  79.0 |      49 |      91 |  65.0
    Crypt:1 |    9708 |       0 |   0.0 |      21 |       0 |   0.0
    Crypt:2 |   21019 |    1542 |   6.8 |      28 |       2 |   6.7
    Crypt:3 |   20011 |    1655 |   7.6 |      23 |       5 |  17.9
     Tomb:1 |    3950 |   26273 |  86.9 |      16 |      25 |  61.0
     Tomb:2 |    6701 |   45951 |  87.3 |      26 |      56 |  68.3
     Tomb:3 |   14920 |   94783 |  86.4 |      43 |      74 |  63.2
    Abyss:2 |   15417 |       0 |   0.0 |      38 |       0 |   0.0
     Bailey |       0 |    1257 | 100.0 |       0 |      27 | 100.0
      IceCv |       0 |    1251 | 100.0 |       0 |      13 | 100.0
            +---------+---------+-------+---------+---------+-------
